Map: Beckett Industries LE

Players

Pandemic

  • Race: Terran Terran
  • League: Platinum

llllllllllll - Winner!

  • Race: Terran Terran
  • League: Platinum

VOD

Have the link to the VOD?

Description

Time

  • Played on: Oct. 21, 2021, 12:49 p.m.
  • Length: 13:44
Show
View Real Time Build Order
Export as new Build Order

Pandemic Terran 

Build Orders: Reaper Expand 

Get SALT Encoding   

  12  0:00  SCV  
  13  0:12  SCV  
  14  0:17  Supply Depot  
  14  0:25  SCV  
  15  0:38  SCV  
  15  0:40  Barracks  
  16  0:46  Refinery  
  16  0:50  SCV  
  17  1:03  SCV  
  18  1:15  SCV  
  19  1:28  Orbital Command  
  19  1:29  Reaper  
  20  1:43  Command Center  
  21  1:54  SCV  
  21  1:55  Supply Depot  
  21  2:01  Reaper  
  21  2:07  Refinery, SCV  
  23  2:19  SCV  
  24  2:23  Factory  
  24  2:30  Bunker  
  24  2:31  SCV  
  25  2:40  Barracks Reactor  
  25  2:43  SCV  
  26  2:55  SCV  
  27  3:02  Orbital Command  
  27  3:08  SCV  
  27  3:09  Hellion  
  27  3:10  Starport  
  30  3:16  Marine x2  
  32  3:20  SCV  
  33  3:31  SCV  
  33  3:32  SCV  
  34  3:40  Marine  
  34  3:41  Marine  
  32  3:42  Factory Tech Lab  
  32  3:43  SCV  
  32  3:44  SCV  
  34  3:52  Starport Tech Lab  
  34  3:55  SCV  
  35  3:56  SCV  
  35  4:01  Marine x2  
  37  4:09  Barracks, SCV x2  
  38  4:11  Barracks  
  38  4:17  Siege Tank  
  41  4:21  SCV x2  
  43  4:29  Supply Depot  
  43  4:33  SCV  
  43  4:34  SCV  
  43  4:38  Starport Reactor  
  45  4:40  Marine  
  46  4:46  Supply Depot  
  46  4:51  SCV x2, Marine  
  49  4:55  Siege Tank  
  49  4:57  Marine  
  49  4:59  Supply Depot  
  53  5:03  SCV  
  53  5:05  SCV  
  54  5:08  Marine  
  54  5:11  Barracks Reactor  
  54  5:15  Marine, SCV  
  54  5:16  Engineering Bay  
  54  5:17  SCV  
  57  5:22  Refinery  
  57  5:24  Supply Depot  
  57  5:26  Marine x2  
  57  5:27  SCV  
  60  5:29  Stimpack, SCV  
  60  5:33  Viking x2, Marine  
  66  5:39  SCV  
  66  5:41  Refinery  
  67  5:44  Marine x2, Armory  
  67  5:45  Terran Infantry Weapons Level 1  
  67  5:47  Supply Depot  
  67  5:48  SCV  
  67  5:49  Marine  
  71  5:51  SCV, Marine  
  71  5:53  Marine  
  74  6:00  SCV  
  74  6:02  Marine x2  
  77  6:08  SCV  
  77  6:09  Viking  
  80  6:12  SCV  
  81  6:18  Supply Depot  
  81  6:20  SCV  
  81  6:21  Marine x3  
  81  6:24  SCV  
  86  6:36  Command Center  
  86  6:40  Siege Tank, Supply Depot  
  86  6:42  Medivac x2  
  86  6:44  Marine  
  94  6:51  Marine x2  
  94  6:54  Marine  
  94  6:56  Marine  
  93  7:02  Marine  
  89  7:08  Marine x2  
  89  7:12  Viking, Siege Tank  
  94  7:18  Marine  
  94  7:26  SCV x2  
  93  7:34  Marine x2  
  93  7:35  Marine x2  
  93  7:36  Medivac  
  99  7:37  Supply Depot  
  99  7:38  SCV  
  99  7:39  Supply Depot  
  99  7:40  Supply Depot  
  100  7:46  Marine, SCV  
  100  7:50  SCV  
  103  7:52  Marine x2  
  103  7:55  Siege Tank  
  103  7:56  Terran Vehicle Weapons Level 1  
  103  7:58  SCV  
  96  8:35  SCV x2  
  96  8:36  Orbital Command  
  98  8:47  SCV x2  
  100  8:49  Terran Infantry Armor Level 1  
  100  8:50  Marine x2  
  102  8:56  Viking x2  
  102  8:59  SCV x2  
  108  9:04  SCV  
  108  9:06  Missile Turret  
  108  9:08  Missile Turret  
  109  9:11  SCV x2  
  109  9:16  Missile Turret  
  110  9:18  Missile Turret  
  110  9:23  SCV x2  
  112  9:26  Refinery, Viking x2  
  113  9:35  SCV  
  113  9:36  SCV  
  115  9:45  SCV  
  104  9:48  SCV  
  104  9:51  Marine, SCV  
  104  9:52  Marine x4  
  102  9:57  SCV  
  102  9:59  Missile Turret  
  103  10:00  SCV  
  103  10:02  Viking  
  103  10:03  SCV  
  104  10:09  Marine x2, SCV  
  104  10:10  Marine x3  
  104  10:12  SCV  
  111  10:15  SCV  
  109  10:21  SCV  
  109  10:24  SCV  
  109  10:25  Terran Vehicle Weapons Level 2  
  109  10:27  Siege Tank, Marine x5  
  109  10:28  SCV  
  120  10:33  SCV  
  121  10:36  SCV  
  121  10:40  SCV  
  121  10:41  Combat Shield  
  123  10:42  Medivac  
  123  10:43  Medivac  
  123  10:45  SCV, Marine x4  
  123  10:49  SCV  
  133  10:52  SCV  
  129  11:01  SCV  
  113  11:04  SCV  
  106  11:13  SCV  
  106  11:16  Siege Tank  
  110  11:20  SCV  
  110  11:22  Command Center  
  110  11:25  SCV  
  112  11:32  Sensor Tower, SCV  
  113  11:38  Sensor Tower  
  113  11:39  SCV  
  114  11:44  SCV  
  113  11:48  Siege Tank  
  113  11:50  Viking  
  113  11:51  SCV  
  119  11:55  Marine x2  
  119  11:56  SCV  
  122  12:03  SCV  
  122  12:04  Marine x3  
  122  12:06  Supply Depot  
  126  12:28  SCV x2, Marine x2, Siege Tank  
  133  12:33  Liberator x2  
  138  12:38  Supply Depot  
  138  12:40  SCV  
  138  12:41  Orbital Command  
  139  12:45  Supply Depot  
  138  12:56  Marine x2  
  138  12:57  Marine x3  
  141  13:14  Marine x3  
  141  13:15  Marine  
Show
View Real Time Build Order
Export as new Build Order

llllllllllll Terran - Winner!

Build Orders:  

Get SALT Encoding   

  12  0:08  SCV  
  13  0:16  Supply Depot  
  13  0:20  SCV  
  14  0:24  Refinery  
  14  0:32  SCV  
  15  0:43  Barracks  
  15  0:47  SCV  
  16  0:59  SCV  
  16  1:02  Refinery  
  18  1:11  SCV  
  18  1:23  SCV  
  19  1:30  Reaper  
  20  1:36  Orbital Command, Supply Depot  
  20  1:48  Factory  
  20  2:02  Reaper  
  20  2:03  SCV  
  22  2:15  SCV  
  23  2:29  SCV  
  24  2:31  Hellion  
  24  2:34  Reaper  
  27  2:39  Command Center  
  27  2:42  SCV  
  28  3:03  SCV  
  29  3:09  Factory Tech Lab  
  29  3:10  Barracks Tech Lab  
  29  3:15  SCV  
  30  3:27  SCV  
  30  3:47  SCV  
  30  3:58  Orbital Command, Marine  
  30  3:59  SCV  
  30  4:12  Siege Tank  
  30  4:13  SCV  
  34  4:19  Starport  
  34  4:22  Stimpack, Marine, Barracks  
  34  4:23  Barracks, SCV  
  36  4:24  Barracks  
  36  4:26  Barracks, SCV  
  37  4:36  SCV  
  38  4:40  Marine  
  38  4:43  Supply Depot x2  
  38  4:44  Siege Tank, Engineering Bay  
  42  4:48  SCV  
  42  4:51  SCV  
  44  4:55  Starport Reactor  
  44  4:58  Marine  
  45  5:01  SCV  
  46  5:15  Barracks Reactor, Barracks Tech Lab x2  
  46  5:16  Barracks Reactor  
  46  5:19  SCV x2  
  48  5:22  Refinery, Missile Turret  
  48  5:24  Missile Turret  
  48  5:31  SCV  
  48  5:33  SCV  
  48  5:34  Combat Shield  
  50  5:36  Medivac x2  
  50  5:37  Marine x3  
  57  5:43  SCV  
  57  5:45  SCV  
  59  5:54  Refinery  
  59  5:55  Marine x3  
  62  6:02  Supply Depot  
  62  6:04  Supply Depot  
  62  6:06  Supply Depot  
  62  6:15  Marine  
  62  6:23  Medivac, SCV x2, Marine  
  62  6:24  Marauder  
  69  6:26  Marauder, Siege Tank, Marine  
  69  6:27  Reaper x2  
  69  6:31  Bunker  
  77  6:33  Marine  
  77  6:35  SCV x2  
  80  6:41  Marine  
  80  6:44  Marine  
  82  6:47  SCV x2  
  84  7:00  SCV x2  
  79  7:12  SCV x2  
  79  7:13  Marine x2  
  79  7:14  Marauder x2, Marine  
  82  7:27  SCV x2  
  83  7:36  Marine x3  
  86  7:39  Command Center  
  86  7:40  Terran Infantry Weapons Level 1, Supply Depot  
  86  7:41  Supply Depot x2  
  86  7:42  Supply Depot  
  86  7:43  Supply Depot  
  86  7:48  Supply Depot  
  86  8:02  Marauder, Viking x2, Marine x3, Siege Tank  
  86  8:03  Marauder x2  
  103  8:05  SCV x2  
  103  8:07  Marine  
  105  8:19  Marine  
  105  8:24  Marauder x3, Marine  
  105  8:25  Marine x2  
  115  8:35  SCV x2  
  115  8:38  Marine  
  115  8:39  Siege Tank, Viking  
  115  8:40  Viking  
  125  8:45  Marauder  
  125  8:46  Marauder x2  
  131  8:49  Missile Turret  
  131  8:51  Missile Turret, Supply Depot  
  131  8:57  Missile Turret  
  131  9:01  Engineering Bay  
  131  9:06  Marauder  
  131  9:07  Marauder, Armory  
  131  9:09  Marine x2  
  139  9:10  Marauder  
  138  9:27  SCV x2  
  138  9:29  Siege Tank  
  138  9:30  Medivac, Viking, Marine  
  138  9:31  Marauder x3, Marine x2  
  154  9:32  Orbital Command  
  156  9:39  SCV  
  157  9:54  SCV  
  155  10:06  Viking x2  
  155  10:10  Marine x2  
  157  10:14  Supply Depot  
  157  10:15  Terran Infantry Weapons Level 2, Terran Vehicle Weapons Level 1, Supply Depot  
  157  10:17  Terran Infantry Armor Level 1  
  157  10:18  Supply Depot  
  157  10:25  Supply Depot x2  
  157  10:32  Missile Turret  
  157  10:34  Refinery  
  157  10:35  Refinery, Missile Turret  
  157  10:36  Medivac, Marine x5  
  157  10:37  Medivac, Siege Tank  
  157  10:40  Supply Depot x2  
  169  10:45  Command Center  
  162  11:14  SCV  
  162  11:15  Siege Tank  
  166  11:20  Missile Turret  
  166  11:24  Supply Depot  
  166  11:28  Supply Depot  
  166  11:30  Starport x2  
  166  11:32  Starport  
  166  11:55  Marine x2  
  166  11:56  Marauder x3, Marine x2  
  166  11:57  Siege Tank  
  179  12:13  Marine  
  179  12:17  Marauder  
  179  12:32  SCV x2  
  179  12:34  SCV  
  181  12:38  Planetary Fortress  
  181  12:40  Missile Turret  
  181  12:44  SCV, Marine  
  181  12:45  Marauder x2, Marine x3, SCV  
  181  12:46  Marauder, Siege Tank  
  181  12:47  Medivac x2  
  181  12:51  SCV  
  198  12:57  SCV x2  
  199  13:02  Marine  
Tags
 
Add a new tag
Caveats
  • Supply blocks, unpowered buildings, or Contaminate may cause inaccurate times.
  • Supply counts are checked every 10 seconds.